 Dungeon Crawl Stone Soup version 0.19.5 (webtiles) character file.

2 tidbits the Magician (level 1, -2/11 HPs)
             Began as a High Elf Wanderer on Oct 31, 2017.
             Slain by a kobold
             ... wielding a +0 whip
              (5 damage)
             ... on level 1 of the Dungeon.
             The game lasted 00:01:44 (86 turns).

tidbits the Magician (High Elf Wanderer)              Turns: 86, Time: 00:01:45

Health: -2/11      AC:  3    Str: 12    XL:     1   Next: 25%
Magic:  7/7        EV: 10    Int: 14    God:
Gold:   0          SH:  4    Dex: 14    Spells: 0 memorised, 9 levels left

rFire  . . .     SeeInvis .     a - +0 dagger
rCold  . . .     Gourm    .     B - +0 robe
rNeg   . . .     Faith    .     D - +0 buckler
rPois  .         Spirit   .     (no helmet)
rElec  .         Reflect  .     (no cloak)
rCorr  .         Harm     .     (no gloves)
MR     .....                    F - +0 pair of boots
Stlth  ++........               (no amulet)
                                (no ring)
                                (no ring)

@: no status effects
A: no striking features
a: no special abilities


You were on level 1 of the Dungeon.
You were not hungry.

You visited 1 branch of the dungeon, and saw 1 of its levels.

Inventory:

Hand Weapons
 a - a +0 dagger (weapon)
Missiles
 c - 19 arrows
 d - 20 bolts
Armour
 B - a +0 robe (worn)
 D - a +0 buckler (worn)
 F - a +0 pair of boots (worn)
   (You found it on level 1 of the Dungeon)
Scrolls
 g - a scroll of teleportation {unknown}
Books
 b - the Grimoire of the Frostbite

   Spells                             Type                      Level
   a - Throw Frost                    Conjuration/Ice              2
   b - Ensorcelled Hibernation        Hexes/Ice                    2
 e - a book of Minor Magic

   Spells                             Type                      Level
   a - Magic Dart                     Conjuration                  1
   b - Blink                          Translocation                2
   c - Call Imp                       Summoning                    2
   d - Repel Missiles                 Charms/Air                   2
   e - Slow                           Hexes                        2
   f - Conjure Flame                  Conjuration/Fire             3
   g - Mephitic Cloud                 Conjuration/Poison/Air       3
Comestibles
 f - a bread ration


   Skills:
 + Level 0.2 Fighting
 + Level 0.2 Dodging
 + Level 1.1 Stealth
 + Level 1.0 Shields
 + Level 4.8 Spellcasting
   Level 1.2 Charms
   Level 2.1 Transmutations
   Level 1.0 Fire Magic


You had 9 spell levels left.
You didn't know any spells.

Dungeon Overview and Level Annotations

Branches:
Dungeon (1/15)

Altars:


Message History

Welcome, tidbits the High Elf Wanderer.
A terrible geas has sent you after the Orb of Zot.
What a horrible night to have a curse!
Press ? for a list of commands and other information.
Found a pair of boots.
Found a staircase leading out of the dungeon.
Okay, then.
Okay, then.
Unknown command.
Adjust (i)tems, (s)pells, or (a)bilities?
Adjust which item? (? for menu, Esc to quit)
e - a +0 dagger (weapon)
Adjust to which letter? (? for menu, Esc to quit)
a - a +0 dagger (weapon);
e - a book of Minor Magic Adjust (i)tems, (s)pells, or (a)bilities?
Adjust which item? (? for menu, Esc to quit)
c - a +0 buckler (worn)
Adjust to which letter? (? for menu, Esc to quit)
D - a +0 buckler (worn)
Adjust (i)tems, (s)pells, or (a)bilities?
Adjust which item? (? for menu, Esc to quit)
d - a +0 robe (worn)
Adjust to which letter? (? for menu, Esc to quit)
B - a +0 robe (worn)
You see here a pair of boots.
c - a pair of boots Wear which item? (? for menu, Esc to quit)
You start putting on your armour.
You continue putting on your pair of boots. x4
You finish putting on your +0 pair of boots.
Adjust (i)tems, (s)pells, or (a)bilities?
Adjust which item? (? for menu, Esc to quit)
c - a +0 pair of boots (worn)
Adjust to which letter? (? for menu, Esc to quit)
F - a +0 pair of boots (worn)
A rat comes into view.
Found 19 arrows.
You hit the rat.
You kill the rat!
You see here 19 arrows.
c - 19 arrows
Found 3 gold pieces.
Found 20 bolts.
Found a stone staircase leading down.
Found a scroll labeled SOUCUI BETI.
You see here 20 bolts.
d - 20 bolts A hobgoblin comes into view.
The hobgoblin shouts!
A kobold comes into view. It is wielding an enchanted whip.
You barely miss the hobgoblin. The hobgoblin barely misses you.
You barely miss the hobgoblin. The hobgoblin barely misses you.
You barely miss the hobgoblin. The hobgoblin barely misses you.
You hit the hobgoblin.
The hobgoblin is severely wounded.
The hobgoblin hits you.
You closely miss the hobgoblin.
The hobgoblin is severely wounded.
The hobgoblin hits you.
You hit the hobgoblin.
The hobgoblin is almost dead.
The hobgoblin hits you.
* * * LOW HITPOINT WARNING * * *
You hit the hobgoblin but do no damage.
The hobgoblin is almost dead.
You block the hobgoblin's attack.
You closely miss the hobgoblin.
The hobgoblin is almost dead.
The hobgoblin hits you.
* * * LOW HITPOINT WARNING * * *
You hit the hobgoblin.
You kill the hobgoblin!
You see here a hobgoblin corpse.
A kobold comes into view. It is wielding a whip.
You see here a scroll labeled SOUCUI BETI.
g - a scroll labeled SOUCUI BETI The kobold shouts!
You hear a shout!
Found a whip.
You hit the kobold but do no damage. The kobold hits you with a whip.
* * * LOW HITPOINT WARNING * * *
A goblin comes into view. It is wielding a dagger.
You barely miss the kobold. The kobold hits you with a whip.
You die...

... .... ... ...g # #.#
... ... .. #.. #.# ..#
.## ##.##.##..#....
#$......... ....... #.#
#...##.##.##...#.K.
#.##.#...##..#..@K......
... ......#.#..#...#.#.
..####...###.#..#...#
.............†........
...###...###....#...#.#
.........# #....#.......
##.####..####...#...#. .
.........##...........)
##.#####........#..###


You could see a goblin and 2 kobolds.

Vanquished Creatures
  A hobgoblin (D:1)
  A rat (D:1)
2 creatures vanquished.

Notes
Turn   | Place    | Note
-------+----------+-------------------------------------------
     0 | D:1      | tidbits the High Elf Wanderer began the quest for the Orb.
     0 | D:1      | tidbits set off with: a book of Minor Magic, the Grimoire of the Frostbite, a +0 buckler, a +0 robe, a +0 dagger, a bread ration
     0 | D:1      | Reached XP level 1. HP: 11/11 MP: 7/7
     0 | D:1      | Identified the Grimoire of the Frostbite
    86 | D:1      | Slain by a kobold

Action                   || total
-------------------------++-------
Melee: Dagger            ||    12
Dodge: Dodged            ||     3
Block: Buckler           ||     1

Table legend:
 A = Turns spent in this place as a percentage of turns spent in the entire game.
 B = Non-inter-level travel turns spent in this place as a percentage of non-inter-level travel turns spent in the entire game.
 C = Inter-level travel turns spent in this place as a percentage of turns spent in this place.
 D = Turns resting spent in this place as a percentage of non-inter-level travel turns spent in this place.
 E = Turns spent auto-exploring this place as a percentage of non-inter-level travel turns spent in this place.
 F = Non-inter-level travel turns spent in this place divided by the number of levels of this place that you've seen.
                   A       B       C       D       E      F
               +-------+-------+-------+-------+-------+----------------------
         Total | 100.0 | 100.0 |   0.0 |   0.0 |   0.0 |  89.0
       Dungeon | 100.0 | 100.0 |   0.0 |   0.0 |   0.0 |  89.0
               +-------+-------+-------+-------+-------+----------------------

Table legend:
 A = Kills in this place as a percentage of kills in entire the game.
 B = Kills by you in this place as a percentage of kills by you in the entire game.
 C = Kills by friends in this place as a percentage of kills by friends in the entire game.
 D = Other kills in this place as a percentage of other kills in the entire game.
 E = Experience gained in this place as a percentage of experience gained in the entire game.
 F = Experience gained in this place divided by the number of levels of this place that you have seen.
                   A       B       C       D       E      F
               +-------+-------+-------+-------+-------+----------------------
         Total | 100.0 | 100.0 |  -nan |  -nan | 100.0 |   3.0
       Dungeon | 100.0 | 100.0 |  -nan |  -nan | 100.0 |   3.0
               +-------+-------+-------+-------+-------+----------------------

Vault maps used:
D:1:      mrwooster_arrival_statue
